 Dungeon Crawl Stone Soup version 0.27-a0-277-g024f7ef292 (webtiles) character file.

Game seed: 205064998534896096

219 Borgoz the Skirmisher (level 5, 0/34 HPs)
             Began as a Gargoyle Berserker on Feb 5, 2021.
             Was a Priest of Trog.
             Slain by an iron imp (7 damage)
             ... summoned by Eustachio
             ... on level 4 of the Dungeon.
             The game lasted 00:03:03 (3146 turns).

Borgoz the Skirmisher (Gargoyle Berserker)          Turns: 3146, Time: 00:03:04

Health: 0/34       AC:  7    Str: 26    XL:     5   Next: 96%
Magic:  5/5        EV: 12    Int: 14    God:    Trog [***...]
Gold:   153        SH:  0    Dex: 10    Spells: 4/4 levels left

rFire    . . .     SeeInvis .   a - +0 mace
rCold    . . .     Faith    .   (no shield)
rNeg     + . .     Spirit   .   b - +0 animal skin
rPois    ∞         Reflect  .   (no helmet)
rElec    +         Harm     .   h - +0 cloak
rCorr    .         Rampage  .   (no gloves)
Will     .....                  (no boots)
Stlth    +.........             (no amulet)
HPRegen  0.11/turn              f - +6 ring of strength
MPRegen  0.09/turn              t - +6 ring of intelligence

@: berserk cooldown, slowed, very slow
A: negative energy resistance 1, electricity resistance, unbreathing,
petrification resistance, miasma immunity, AC +4
a: Renounce Religion, Berserk, Trog's Hand


You were on level 4 of the Dungeon.
You worshipped Trog.
Trog was most pleased with you.
You visited 1 branch of the dungeon, and saw 4 of its levels.

You collected 153 gold pieces.

Inventory:

Hand Weapons
 a - a +0 mace (weapon)
Armour
 b - a +0 animal skin (worn)
 h - a +0 cloak (worn)
Jewellery
 f - a +6 ring of strength (left hand)
 t - a +6 ring of intelligence (right hand)
Scrolls
 c - 3 scrolls of fog {unknown}
 d - 5 scrolls of teleportation {unknown}
 g - 2 scrolls of immolation {unknown}
 i - a scroll of fear {unknown}
 n - 3 scrolls of identify {unknown}
 o - 3 scrolls of random uselessness {unknown}
 p - 3 scrolls of remove curse {unknown}
 s - a scroll of amnesia {unknown}
Potions
 e - 3 potions of degeneration {unknown}
 j - a potion of flight {unknown}
 k - 2 potions of might {unknown}
 l - a potion of haste {unknown}
 m - 2 potions of mutation {unknown}
 q - a potion of berserk rage {unknown}
 r - a potion of lignification {unknown}


   Skills:
 + Level 4.5 Fighting
 + Level 4.1 Maces & Flails
 + Level 3.7 Armour
 + Level 2.7 Dodging


You had 4 spell levels left.
You didn't know any spells.
Your spell library was empty.

Dungeon Overview and Level Annotations

Branches:
Dungeon (4/15)
 Temple: D:4-7

Altars:
Fedhas
Gozag
Sif Muna

Annotations:
D:3 2 transporters, vurker's ghost, amateur HaHu
D:4 Eustachio


Innate Abilities, Weirdness & Mutations

You are resistant to torment.
Your stone body is resilient. (AC +4)
You are immune to poison.
You resist negative energy. (rN+)
You are resistant to electric shocks. (rElec)
You can survive without breathing.
You are immune to petrification.
You are immune to miasma.


Message History

* * * LOW HITPOINT WARNING * * *
You closely miss Eustachio.
Eustachio is heavily wounded.
The quokka barely misses you. The hound skeleton barely misses you.
The river rat closely misses you. x2
Eustachio casts a spell.
Eustachio blinks!
The hound skeleton misses you. The river rat barely misses you.
The white imp picks up a beetle and eats it.
The white imp barely misses you. The river rat barely misses you.
You hit the hound skeleton.
The hound skeleton is lightly damaged.
You are no longer berserk.
You are exhausted.
You feel yourself slow down. The quokka closely misses you.
The hound skeleton bites you.
* * * LOW HITPOINT WARNING * * *
Eustachio casts a spell.
The iron imp hits you!
You die...

...### #.
###...... #.#
###........
#.##........#
#..........#
#..........#
#.....55...#
##.b..Z@r5..##
..@...#rr....###
r............<.##
#r###............
. ###.^........
##.....## ##....#
#...## ##.†#


You could see Eustachio, an iron imp (summoned), 3 river rats, a white imp
(summoned), a shadow imp (summoned), a quokka (summoned), a bat (summoned), a
rat (summoned) and a hound skeleton.

Vanquished Creatures
  A howler monkey (D:3)
  A hound (D:4)
  A bullfrog skeleton (D:4)
  6 adders
  2 dart slugs
  A leopard gecko (D:3)
  3 orcs
  7 bats
  8 goblins
  8 hobgoblins
  3 jackals (D:1)
  6 kobolds
  A quokka (D:3)
  A ball python (D:3)
  3 frilled lizards
  8 rats
60 creatures vanquished.

Notes
Turn   | Place    | Note
-------+----------+-------------------------------------------
     0 | D:1      | Borgoz the Gargoyle Berserker began the quest for the Orb.
     0 | D:1      | Reached XP level 1. HP: 14/14 MP: 1/1
   147 | D:1      | Reached XP level 2. HP: 19/19 MP: 2/2
   891 | D:2      | Reached ** piety under Trog
   892 | D:2      | Reached XP level 3. HP: 22/23 MP: 3/3
  1357 | D:2      | Found a blossoming altar of Fedhas.
  1473 | D:2      | Reached XP level 4. HP: 19/29 MP: 4/4
  1672 | D:2      | Found an opulent altar of Gozag.
  1874 | D:3      | Reached XP level 5. HP: 32/33 MP: 5/5
  2189 | D:3      | Noticed vurker's ghost (amateur HaHu)
  2239 | D:3      | Found a transporter.
  2809 | D:3      | Found a shimmering blue altar of Sif Muna.
  2956 | D:3      | Found a transporter.
  3094 | D:4      | Reached *** piety under Trog
  3128 | D:4      | Noticed Eustachio
  3146 | D:4      | Slain by an iron imp

Illustrated notes

Levels and vault maps discovered:
D:1:      dpeg_arrival_simpleton_c, layout_basic
D:2:      layout_loops_ring, fedhas_altar_2, nicolae_overflow_hidden_temple
D:3:      layout_rooms, serial_curves, eino_curves_01, eino_curves_04,
          gammafunk_ghost_mausoleum, tgw_sif
D:4:      layout_layer_cave, uniq_eustachio

Skill      XL: |  1  2  3  4  5 |
---------------+----------------+-----
Dodging        | 2 |  2.7
Armour         | 3 |  3.7
Fighting       | 4 |  4.5
Maces & Flails | 4 |  4.1

Action                   |  1- 3 |  4- 6 || total
-------------------------+-------+-------++-------
Melee: Mace              |   103 |   118 ||   221
Invok: Berserk           |       |     3 ||     3
 Stab: Sleeping          |       |     1 ||     1
       Distracted        |       |     1 ||     1
Armor: Animal skin       |    52 |    80 ||   132
Dodge: Dodged            |    91 |   139 ||   230

Table legend: (Time is in decaauts)
 A = Elapsed time spent in this place.
 B = Non-inter-level travel time spent in this place.
 C = Inter-level travel time spent in this place.
 D = Time resting spent in this place.
 E = Time spent auto-exploring this place.
 F = Levels seen in this place.
 G = Mean time per level.
                   A        B        C        D        E       F      G
               +--------+--------+--------+--------+--------+-----+--------+
         Total |   3203 |   3119 |     84 |    648 |   1877 |   4 |  800.8 |
       Dungeon |   3203 |   3119 |     84 |    648 |   1877 |   4 |  800.8 |
               +--------+--------+--------+--------+--------+-----+--------+

Top non-repeatable levels by time:
     D:2: 1301 daAuts
     D:3: 925 daAuts
     D:1: 821 daAuts
     D:4: 155 daAuts
